 Dungeon Crawl Stone Soup version 0.30.0-15-g856e2d3f33 (webtiles) character file.

Game seed: 3539870523086287317

110078 KingMidas the Black Belt (level 16, -1/131 HPs)
             Began as a Pale Draconian Transmuter on May 18, 2023.
             Was an Initiate of Gozag.
             Slain by a naga warrior
             ... wielding a +0 flail
              (20 damage)
             ... on level 2 of the Snake Pit on May 19, 2023.
             The game lasted 01:10:17 (31438 turns).

KingMidas the Black Belt (DrTm)                    Turns: 31438, Time: 01:10:24

Health: -1/131     AC:  9    Str: 12    XL:     16   Next: 6%
Magic:  16/20      EV: 21    Int: 21    God:    Gozag
Gold:   2104       SH:  0    Dex: 28    Spells: 5/21 levels left

rFire   + .          .
                       - Unarmed
rCold   . . .        (shield currently unavailable)
rNeg    . . .        (body armour unavailable)
rPois   .            (helmet restricted)
rElec   .            (no cloak)
rCorr   .            (gloves currently unavailable)
SInv    .            (no boots)
Will    ++...        g - amulet of regeneration
Stlth   ++           C - +9 ring of dexterity
HPRegen 1.21/turn    v - ring of Diuhy {rF+ Will+ Dex+6}
MPRegen 0.17/turn

%: no passive effects
@: lethally poisoned (-1 -> -2), about to teleport, blade hands, constricted
A: breathe steam, AC +9, unfitting armour, cold-blooded, steam resistance, frail
1
a: Breathe Steam, End Transformation, Renounce Religion, Potion Petition, Call
Merchant, Bribe Branch


You were on level 2 of the Snake Pit.
You worshipped Gozag.
Gozag was most pleased with you.
You had blades for hands.
You visited 5 branches of the dungeon, and saw 25 of its levels.

You collected 8055 gold pieces.
You spent 2161 gold pieces at shops.
You paid 3790 gold pieces to Gozag.

Inventory:

Missiles
 M - a throwing net
Jewellery
 c - a ring of magical power
 g - an amulet of regeneration (around neck)
 j - a +5 ring of evasion
 u - a ring of positive energy
 v - the ring of Diuhy (right blade hand) {rF+ Will+ Dex+6}
   (You bought it in a shop on level 2 of the Dungeon)

   [ring of willpower]

   Dex:       It affects your dexterity (+6).
   rF:        It protects you from fire.
   Will:      It increases your willpower.
 y - a ring of see invisible
 B - an amulet of reflection
 C - a +9 ring of dexterity (left blade hand)
 E - a ring of poison resistance
 G - a ring of flight
 H - an amulet of the acrobat
 I - a ring of fire
 P - a +5 ring of evasion
 R - a ring of protection from cold
Wands
 x - a wand of charming (12)
 z - a wand of flame (36)
 A - a wand of digging (13)
 D - a wand of mindburst (11)
 N - a wand of polymorph (10)
Scrolls
 f - 3 scrolls of immolation
 i - 3 scrolls of teleportation
 p - 7 scrolls of enchant armour
 r - 5 scrolls of magic mapping
 t - a scroll of enchant weapon
 F - 6 scrolls of identify
 J - 3 scrolls of blinking
 K - 2 scrolls of silence
 L - 2 scrolls of fear
 O - 3 scrolls of fog
Potions
 a - 12 potions of curing
 b - 5 potions of might
 d - 6 potions of brilliance
 e - a potion of invisibility
 h - 5 potions of cancellation
 l - 4 potions of resistance
 m - a potion of magic
 n - 2 potions of lignification
 o - 2 potions of mutation
 q - 6 potions of attraction
 s - 3 potions of haste
 w - 2 potions of heal wounds
 Q - 3 potions of ambrosia


   Skills:
 + Level 14.1 Fighting
 + Level 11.6 Dodging
 * Level 18.2 Unarmed Combat
 - Level 3.0 Spellcasting
 + Level 8.2 Hexes
 + Level 9.0 Translocations
 - Level 8.3 Transmutations
 - Level 2.0 Ice Magic


You had 5 spell levels left.
You knew the following spells:

 Your Spells              Type           Power      Damage    Failure   Level
a - Beastly Appendage     Tmut           76%        N/A       11%         1
b - Spider Form           Tmut/Pois      20%        N/A       38%         3
c - Ice Form              Ice/Tmut       24%        N/A       56%         4
d - Blade Hands           Tmut           19%        N/A       50%         5
e - Tukima's Dance        Hex            37%        N/A       17%         3

Your spell library contained the following spells:

 Spells                   Type           Power      Damage    Failure   Level
 Slow                     Hex            100%       N/A       12%         1
 Lesser Beckoning         Tloc           82%        N/A       12%         2
 Wereblood                Tmut           38%        N/A       13%         2
 Gell's Gravitas          Tloc           41%        N/A       16%         3
 Portal Projectile        Hex/Tloc       78%        N/A       16%         3
 Teleport Other           Tloc           41%        N/A       16%         3
 Confusing Touch          Hex            37%        N/A       17%         3
 Freeze                   Ice            44%        1d6       36%         1
 Inner Flame              Hex/Fire       20%        N/A       41%         3
 Summon Guardian Golem    Hex/Summ       20%        N/A       41%         3
 Yara's Violent Unravell  Hex/Tmut       19%        3d9       50%         5
 Foxfire                  Conj/Fire      12%        2x1d4     52%         1
 Frozen Ramparts          Ice            22%        1d4       58%         3
 Ozocubu's Armour         Ice            11%        N/A       58%         3
 Sublimation of Blood     Necr           3%         N/A       63%         2
 Hailstorm                Conj/Ice       7%         3d4       69%         3
 Vampiric Draining        Necr           3%         2d6       78%         3
 Summon Forest            Summ/Tloc      11%        N/A       87%         5
 Alistair's Intoxication  Tmut/Pois      13%        N/A       89%         5
 Flame Wave               Conj/Fire      3%         2d5       98%         4
 Olgreb's Toxic Radiance  Pois           3%         N/A       98%         4
 Sticky Flame             Conj/Fire      3%         2d3       98%         4
 Borgnjor's Vile Clutch   Necr/Erth      1%         N/A       100%        5
 Fireball                 Conj/Fire      1%         3d3       100%        5
 Iskenderun's Battlesphe  Conj           3%         2d6       100%        5
 Eringya's Noxious Bog    Tmut/Pois      10%        N/A       100%        6
 Iron Shot                Conj/Erth      1%         9d1       100%        6
 Plasma Beam              Fire/Air       1%         2x1d12    100%        6
 Starburst                Conj/Fire      1%         6d3       100%        6
 Enfeeble                 Hex            18%        N/A       100%        7
 Haunt                    Necr/Summ      1%         N/A       100%        7
 Orb of Destruction       Conj           1%         9d5       100%        7
 Ozocubu's Refrigeration  Ice            5%         4d8       100%        7
 Spellforged Servitor     Conj/Summ      1%         N/A       100%        7
 Summon Hydra             Summ           1%         N/A       100%        7
 Discord                  Hex            18%        N/A       100%        8
 Ignition                 Fire           1%         3d3       100%        8
 Infestation              Necr           1%         N/A       100%        8
 Animate Dead             Necr           Unusable   N/A       N/A         4

Dungeon Overview and Level Annotations

Branches:
Dungeon (15/15)            Temple (1/1) D:5            Lair (5/5) D:8
 Shoals (0/4) Lair:2        Snake (2/4) Lair:3        Slime (0/5) Lair:4
    Orc (2/2) D:10            Elf (0/3) Orc:2        Vaults (0/5) D:14
 Depths (0/4) D:15

Altars:
Ashenzari
Cheibriados
Dithmenos
Elyvilon
Fedhas
Gozag
Hepliaklqana
Kikubaaqudgha
Makhleb
Nemelex Xobeh
Okawaru
Qazlal
Ru
Sif Muna
Trog
Uskayaw
Vehumet
Wu Jian
Xom
Yredelemnul
Zin
The Shining One

Shops:
D:2 =   D:3 ?   D:8 (:(=?==:*   D:9 *   D:12 (   D:13 (   Orc:2 [((=
Snake:1 !

Annotations:
D:11 1 transporter, CInkIbrahim's ghost, journeyman MiFi


Innate Abilities, Weirdness & Mutations

You have blades for hands.
Your spellcasting is less reliable in this form.
You are incapable of wielding weapons or throwing items.
You can breathe blasts of scalding, opaque steam.
Your pale cyan-grey scales are hard. (AC +9)
You cannot fit into any form of body armour.
You are cold-blooded and may be slowed by cold attacks.
You are immune to the effects of steam.
You are frail. (-10% HP)


Message History

The naga hits you from afar with a +0 trident.
The black mamba is distracted by your dazzling golden aura.
As you read the scroll of teleportation, it crumbles to dust.
You feel strangely unstable.
You feel sick. The shock serpent barely misses you.
The naga warrior misses you. The naga warrior constricts you.
The naga closely misses you.
The shock serpent shoots out a bolt of lightning at you!
The bolt of electricity hits you! The bolt of electricity misses you.
The bolt of electricity hits the shock serpent.
The shock serpent completely resists.
Unknown command.
You closely miss the shock serpent.
The black mamba hisses angrily.
You tail-slap the shock serpent.
The shock serpent is lightly wounded.
The naga warrior misses you. The naga warrior constricts you.
Unknown command.
The shock serpent hisses angrily.
You slash the shock serpent! You tail-slap the shock serpent.
The shock serpent is moderately wounded.
The shock serpent's electric aura discharges, shocking you!
You feel sick. The shock serpent bites you! The shock serpent shocks you!
The naga misses you.
The shock serpent shoots out a bolt of lightning at you!
The bolt of electricity hits you!
* * * LOW HITPOINT WARNING * * *
The bolt of electricity misses you.
The bolt of electricity hits the shock serpent.
The shock serpent completely resists.
The naga warrior closely misses you. The naga warrior constricts you.
* * * LOW HITPOINT WARNING * * *
The naga warrior's grasp on you weakens, but your attempt to escape fails.
You feel sick.
The naga hits you from afar with a +0 trident!
* * * LOW HITPOINT WARNING * * *
The shock serpent barely misses you.
The sea snake bites you but does no damage.
The naga warrior hits you with a +0 flail!!
You die...
Your body crumbles into a pile of gold.

..#..........
............. #........
............. #....S...
............. #..S.....
[............# #.......
x............# #N.N..#
3............# #NSS..#
3z...........###NSS..##
...............#@S....#
3....###.......#$....##
..............##.....##
.............###......#
#ยง........#...........#
.........##..........##
...#....###..........##
...#.....###..........#
..........##.......(..#


You could see a naga warrior, 3 sea snakes, 3 shock serpents, a black mamba, a
naga mage and 2 nagas.

Vanquished Creatures
  Rupert (D:13)
  Mlioglotl (Snake:2)
  Gastronok (Lair:1)
  Kirke (Snake:1)
  Snorg (Orc:2)
  Josephine (D:11)
  An ettin (D:15)
  3 vault guards (D:14)
  6 hydras
  Erolcha (D:11)
  4 centaur warriors
  3 boulder beetles
  A catoblepas (D:13)
  2 anacondas (Snake:1)
  5 naga warriors
  A death knight (D:15)
  11 death yaks
  4 tengu warriors
  6 two-headed ogres
  2 naga sharpshooters
  2 shock serpents
  A hell knight (D:15)
  Nergalle (D:12)
  Sonja (Lair:3)
  2 skysharks (Lair:5)
  A salamander mystic (Snake:2)
  3 skeletal warriors (D:14)
  2 goliath frogs (Lair:5)
  A naga ritualist (Snake:1)
  2 wizards
  2 deep trolls (D:15)
  3 mana vipers
  A lindwurm (Lair:5)
  2 deep elf pyromancers (D:14)
  A necromancer (D:15)
  5 orc knights
  7 ugly things (D:15)
  6 orc sorcerers
  5 cyclopes
  5 salamanders
  4 manticores
  A naga mage (Snake:2)
  5 elephants (Lair:4)
  10 black mambas
  A gargoyle (D:13)
  An unseen horror (D:12)
  23 cane toads
  2 rime drakes
  Maggie (D:8)
  2 efreet (D:13)
  6 komodo dragons
  Psyche (D:8)
  2 kobold demonologists
  2 freezing wraiths
  3 tengu conjurers
  6 trolls
  2 polar bears (Lair:1)
  3 hornets
  A wind drake (Lair:2)
  2 tyrant leeches (Lair:5)
  Grinder (D:6)
  25 blink frogs
  9 slime creatures
  6 spriggans (Lair:2)
  Eustachio (D:4)
  A vampire (D:12)
  Sigmund (D:6)
  22 yaks
  3 shadows
  6 wraiths (D:11)
  3 wyverns
  3 hogs (Snake:1)
  2 humans (D:14)
  2 steam dragons (D:6)
  6 basilisks
  17 vampire mosquitoes
  4 wargs
  3 acid dragons
  9 nagas
  15 water moccasins
  A sky beast (D:8)
  Duvessa (D:5)
  An ice beast (D:6)
  35 orc warriors
  3 black bears (Lair:2)
  3 ogres
  6 wolves
  10 centaurs
  2 phantoms
  3 kobold brigands
  A gnoll sergeant (D:9)
  15 bullfrogs
  5 wights (D:9)
  2 scorpions (D:6)
  Dowan (D:5)
  10 killer bees
  6 electric eels
  3 howler monkeys
  2 hounds
  23 orc priests
  2 gnoll boudas
  A sleepcap (D:8)
  31 orc wizards
  6 iguanas
  17 gnolls
  8 adders
  3 shadow imps
  A white imp (D:7)
  3 ufetubi
  6 dart slugs
  2 worms
  129 orcs
  9 endoplasms
  A giant cockroach (D:3)
  A goblin (D:4)
  4 hobgoblins
  9 jackals
  5 quokkas
  3 training dummies (D:12)
  7 ball pythons
  3 bats
  3 frilled lizards
  18 kobolds
  3 rats
734 creatures vanquished.

Vanquished Creatures (collateral kills)
  An acid dragon (D:10)
1 creature vanquished.

Vanquished Creatures (others)
  Maurice (D:13)
  2 humans (Snake:1)
  An ogre (D:10)
  An orc (D:8)
5 creatures vanquished.

Grand Total: 740 creatures vanquished

Notes
Turn   | Place    | Note
-------+----------+-------------------------------------------
     0 | D:1      | KingMidas the Draconian Transmuter began the quest for the
                  | Orb.
     0 | D:1      | Reached XP level 1. HP: 16/16 MP: 3/3
   175 | D:1      | Reached XP level 2. HP: 23/23 MP: 3/5
   327 | D:1      | Reached XP level 3. HP: 23/28 MP: 4/6
  1358 | D:2      | Found Nateebri's One-of-a-Kind Rings.
  1712 | D:3      | Reached XP level 4. HP: 30/35 MP: 5/7
  1716 | D:3      | Learned a level 3 spell: Spider Form
  1944 | D:3      | Found Ilink's Magic Scroll Shop.
  2379 | D:4      | Noticed Eustachio
  2422 | D:3      | Reached skill level 5 in Transmutations
  2544 | D:4      | Killed Eustachio
  2545 | D:4      | Reached XP level 5. HP: 6/40 MP: 6/8
  2545 | D:4      | Reached XP level 6. HP: 7/47 MP: 6/9
  2593 | D:4      | Learned a level 4 spell: Ice Form
  2936 | D:4      | Upgraded the game from 0.30.0-13-g156ef70053 to
                  | 0.30.0-15-g856e2d3f33
  2997 | D:3      | Reached skill level 1 in Ice Magic
  3431 | D:4      | Your scales start taking on a pale cyan-grey colour.
  3431 | D:4      | Reached XP level 7. HP: 50/55 MP: 6/10
  3431 | D:4      | Gained mutation: You are immune to the effects of steam.
                  | [Pale Draconian growth]
  3790 | D:4      | Reached skill level 4 in Unarmed Combat
  4062 | D:5      | Entered Level 5 of the Dungeon
  4062 | D:5      | Noticed Duvessa
  4062 | D:5      | Noticed Dowan
  4355 | D:5      | Found a staircase to the Ecumenical Temple.
  4387 | Temple   | Entered the Ecumenical Temple
  4609 | Temple   | Became a worshipper of Gozag Ym Sagoz the Greedy
  4645 | D:5      | Killed Duvessa
  4646 | D:5      | Reached skill level 5 in Unarmed Combat
  4781 | D:5      | Killed Dowan
  4879 | D:5      | Reached XP level 8. HP: 56/63 MP: 8/11
  5933 | D:6      | Noticed Grinder
  5965 | D:6      | Killed Grinder
  5966 | D:6      | Reached skill level 6 in Unarmed Combat
  6983 | D:6      | Reached skill level 7 in Unarmed Combat
  7127 | D:6      | Reached XP level 9. HP: 34/73 MP: 13/13
  7351 | D:6      | Reached skill level 5 in Fighting
  7773 | D:6      | Noticed Sigmund
  7781 | D:6      | Killed Sigmund
  7963 | D:7      | Found a shimmering blue altar of Sif Muna.
  7963 | D:7      | Found a broken altar of Ashenzari.
  7964 | D:7      | Found a shadowy altar of Dithmenos.
  8028 | D:7      | HP: 3/88 [steam dragon/ball of steam (25)]
  8912 | D:2      | Bought the ring of Diuhy {rF+ Will+ Dex+6} for 722 gold
                  | pieces
  9071 | D:8      | Reached skill level 8 in Unarmed Combat
  9110 | D:8      | Found a staircase to the Lair.
  9111 | D:8      | Noticed a komodo dragon
  9128 | D:8      | Killed a komodo dragon
  9223 | D:8      | Found Ariblem's Jewellery Emporium.
  9360 | D:8      | Found Miow's Weapon Boutique.
  9372 | D:8      | Found Onepiog's Book Shoppe.
  9421 | D:8      | Reached skill level 9 in Unarmed Combat
  9469 | D:8      | Noticed Maggie
  9560 | D:8      | Found Bajed's Weapon Boutique.
  9642 | D:8      | Killed Maggie
  9643 | D:8      | Reached XP level 10. HP: 84/84 MP: 9/14
  9756 | D:8      | Found Cowaniolo's General Store.
  9792 | D:8      | Noticed Psyche
  9795 | D:8      | Killed Psyche
 10116 | D:9      | Reached skill level 5 in Dodging
 10239 | D:9      | Found a bloodstained altar of Trog.
 10483 | D:9      | Reached skill level 10 in Unarmed Combat
 11045 | D:9      | Found Ropih's Assorted Antiques.
 11082 | D:10     | Entered Level 10 of the Dungeon
 11191 | D:10     | Found a staircase to the Orcish Mines.
 11295 | D:10     | Noticed a two-headed ogre
 11300 | D:10     | Killed a two-headed ogre
 11503 | D:10     | Reached skill level 11 in Unarmed Combat
 11532 | D:10     | Noticed a two-headed ogre
 11542 | D:10     | Killed a two-headed ogre
 11543 | D:10     | Reached XP level 11. HP: 57/94 MP: 11/15
 11731 | D:10     | Noticed a boulder beetle
 11917 | D:10     | Noticed a two-headed ogre
 11924 | D:10     | Killed a two-headed ogre
 11925 | D:10     | Noticed an orc knight
 11958 | D:10     | Killed an orc knight
 12067 | D:10     | Identified the +4 flail of the Magic Mushroom {flame, Drain
                  | +Blink rF++ Int+2}
 12089 | D:10     | Killed a boulder beetle
 12172 | D:10     | Reached skill level 12 in Unarmed Combat
 12371 | D:10     | Found a blossoming altar of Fedhas.
 12598 | D:11     | Noticed Josephine
 12604 | D:11     | Killed Josephine
 12987 | D:2      | Bought a +9 ring of dexterity for 1092 gold pieces
 13152 | Lair:1   | Entered Level 1 of the Lair of Beasts
 13227 | Lair:1   | Noticed Gastronok
 13245 | Lair:1   | Reached skill level 13 in Unarmed Combat
 13317 | Lair:1   | Reached XP level 12. HP: 106/106 MP: 12/16
 13321 | Lair:1   | Reached skill level 10 in Fighting
 13813 | Lair:1   | Learned a level 5 spell: Blade Hands
 13991 | Lair:1   | Reached skill level 1 in Hexes
 13993 | Lair:1   | Reached skill level 1 in Translocations
 14440 | Lair:2   | Found a staircase to the Shoals.
 14671 | Lair:2   | Reached skill level 14 in Unarmed Combat
 15926 | Lair:3   | Noticed a death yak
 15928 | Lair:3   | Noticed a death yak
 15928 | Lair:3   | Noticed a death yak
 15928 | Lair:3   | Noticed a death yak
 15928 | Lair:3   | Noticed a death yak
 15929 | Lair:3   | Noticed a death yak
 15932 | Lair:3   | Noticed Sonja
 15938 | Lair:3   | Killed a death yak
 15960 | Lair:2   | Killed a death yak
 15961 | Lair:2   | Reached XP level 13. HP: 111/116 MP: 17/17
 16171 | Lair:3   | Killed Sonja
 16474 | Lair:3   | Found a staircase to the Snake Pit.
 17138 | Lair:3   | Learned a level 3 spell: Tukima's Dance
 17436 | Lair:4   | Found a staircase to the Slime Pits.
 17481 | Lair:4   | Reached skill level 15 in Unarmed Combat
 17753 | Lair:4   | Identified the +7 sling "Yzxeb" {freeze, rPois Int-2 Dex+7}
 18194 | Lair:5   | Entered Level 5 of the Lair of Beasts
 18216 | Lair:5   | Reached skill level 5 in Translocations
 18821 | Lair:5   | Reached skill level 5 in Hexes
 19112 | Lair:5   | Reached XP level 14. HP: 126/126 MP: 11/18
 19172 | Lair:5   | Identified the +4 hand axe "Maunniz" {drain, rElec rN+
                  | Str+4 Dex+3}
 20173 | Lair:1   | Killed Gastronok
 20174 | Lair:1   | Reached skill level 10 in Dodging
 20174 | Lair:1   | Reached skill level 16 in Unarmed Combat
 20435 | Orc:1    | Entered Level 1 of the Orcish Mines
 21168 | Orc:2    | Entered Level 2 of the Orcish Mines
 21452 | Orc:2    | Found Buwkeluoru's Antique Weapon Shop.
 21608 | Orc:2    | Noticed Snorg
 21874 | Orc:2    | Noticed an orc warlord
 21959 | Orc:2    | Killed Snorg
 22483 | Orc:2    | Found Zaikk's Antique Armour Shop.
 22494 | Orc:2    | Found Mijagu's Antique Weapon Boutique.
 22726 | Orc:2    | Found a staircase to the Elven Halls.
 22855 | Orc:2    | Found Sutaih's Jewellery Boutique.
 23207 | D:8      | Bought a scroll of teleportation for 45 gold pieces
 23207 | D:8      | Bought a scroll of summoning for 142 gold pieces
 23502 | D:11     | Noticed Erolcha
 23508 | D:11     | Killed Erolcha
 24132 | D:11     | Identified the +4 great mace "Jotyoplu" {heavy, rElec Str+7
                  | Dex-5 Stlth+}
 24132 | D:11     | Noticed CInkIbrahim's ghost (journeyman MiFi)
 24134 | D:11     | Found a transporter.
 24533 | D:12     | Found Inieruggi's Firing Range.
 24713 | D:12     | Noticed Nergalle
 24722 | D:12     | Killed Nergalle
 25213 | D:13     | Killed Maurice
 25287 | D:13     | Noticed Rupert
 25415 | D:13     | Paralysed by Rupert for 4 turns
 25425 | D:13     | Killed Rupert
 25520 | D:13     | Found Lyukejov's Weapon Shop.
 26066 | D:14     | Reached XP level 15. HP: 120/135 MP: 14/19
 26262 | D:14     | Reached skill level 17 in Unarmed Combat
 26364 | D:14     | Found a gate to the Vaults.
 27182 | D:15     | Entered Level 15 of the Dungeon
 27415 | D:15     | Gained mutation: You are frail. (-10% HP) [mutagenic glow]
 28286 | D:15     | Found a staircase to the Depths.
 29051 | Snake:1  | Entered Level 1 of the Snake Pit
 29130 | Snake:1  | Found Ajiw's Distillery.
 29195 | Snake:1  | Bought a potion of heal wounds for 80 gold pieces
 29195 | Snake:1  | Bought a potion of heal wounds for 80 gold pieces
 29722 | Snake:1  | Noticed Kirke
 29784 | Snake:1  | Killed Kirke
 30121 | Snake:1  | Reached skill level 18 in Unarmed Combat
 30860 | Snake:2  | Noticed Mlioglotl
 31097 | Snake:2  | Killed Mlioglotl
 31222 | Snake:2  | Reached XP level 16. HP: 114/131 MP: 17/20
 31438 | Snake:2  | Slain by a naga warrior

Illustrated notes

Levels and vault maps discovered:
D:1:      minmay_arrival_plants_in_alcoves, layout_basic
D:2:      minmay_inner_zag, layout_basic, nicolae_shop_unique_rings
D:3:      layout_basic, serial_shops, shop
D:4:      layout_basic, st_stairs_6, uniq_eustachio
D:5:      layout_layer_cave, minmay_temple_entry_ruins, amethyst_killhole,
          uniq_duvessa
D:6:      layout_loops_ring, serial_bayou, serial_bayou_shore_a,
          serial_bayou_pond_d, serial_bayou_lake_a, serial_bayou_pond_a,
          st_stairs_3, kennysheep_generic_room_13, uniq_grinder, uniq_sigmund
D:7:      layout_rooms, chequers_temple_overflow_statue_of_worship
D:8:      layout_gridville, david_lair_shrubbed, serial_shops,
          nicolae_shop_tiny_real_fake_doors, shop, shop,
          nicolae_shop_waterfront, nicolae_shop_hallway_plus, uniq_psyche,
          uniq_maggie
D:9:      layout_roguey, mainiacjoe_overflow_24_doors, serial_shops,
          kennysheep_mini
D:10:     layout_rooms, mainiacjoe_overflow_concentric_impassable,
          hiddenorc2_lemuel, minmay_pinched_square
D:11:     layout_basic, gammafunk_ghost_smash, uniq_josephine, uniq_erolcha
D:12:     layout_long_grid, nicolae_shop_firing_range, uniq_nergalle
D:13:     layout_rooms, serial_shops, nicolae_shop_bloodbath_and_beyond,
          lemuel_flamethrower_3, uniq_rupert, uniq_maurice
D:14:     layout_loops_corners, grunt_vaults_entry_fortified,
          nrook_mini_backslash
D:15:     hangedman_depths_entry_civil_slaughter, layout_layer_cave,
          serial_park_square2
Temple:   nicolae_temple_bog_church
Lair:1:   layout_cave_pods, minivault_25, uniq_gastronok
Lair:2:   kb_forest_paths, layout_regular_city, minmay_shoals_entry_beasts,
          serial_bayou_ford_a, chequers_serial_rivers_micro_c,
          beast_lair_carwin_3
Lair:3:   layout_hall_layers, nicolae_snake_entry_squirm, hibernation_bobbens,
          uniq_sonja
Lair:4:   layout_hall_layers, slime_entry_1, nicolae_quartered_pool_little
Lair:5:   minmay_lair_end_frog_pond, layout_hall_layers
Snake:1:  layout_layer_cave, serial_shops, shop, uniq_kirke
Snake:2:  layout_grid_shapes, special_room, nicolae_snake_springs,
          uniq_mlioglotl
Orc:1:    layout_diamond_mine
Orc:2:    grunt_orc_community_town_hall, layout_caves,
          grunt_orc_community_big_house_2, grunt_orc_community_big_house_2,
          grunt_orc_community_house_3, grunt_orc_community_house_3,
          grunt_orc_community_house_3, grunt_orc_community_house_3,
          grunt_orc_community_house_2, uniq_snorg

Skill      XL: |  1  2  3  4  5  6  7  8  9 10 11 12 13 14 15 16 |
---------------+-------------------------------------------------+-----
Transmutations | 3 4 6 7 8 |  8.3
Dodging        | 2 4 6 7 8 9 10 11 | 11.6
Ice Magic      | 1 2 |  2.0
Fighting       | 2 3 4 6 8 9 11 12 13 14 | 14.1
Unarmed Combat | 5 7 9 11 13 14 15 16 18 | 18.2
Spellcasting   | 3 |  3.0
Hexes          | 3 5 6 8 |  8.2
Translocations | 3 5 7 8 9 |  9.0

Action                     |  1- 3 |  4- 6 |  7- 9 | 10-12 | 13-15 | 16-18 || total
---------------------------+-------+-------+-------+-------+-------+-------++-------
  Melee: Unarmed           |   119 |   154 |   386 |   567 |  1226 |    21 ||  2473
         Kick              |    19 |     8 |       |       |       |       ||    27
         Tailslap          |    10 |     4 |     3 |     5 |    96 |    10 ||   128
         Headbutt          |    10 |     9 |       |       |       |       ||    19
         Punch             |       |     3 |     1 |     1 |    63 |     3 ||    71
   Cast: Beastly Appendage |    18 |     8 |       |       |       |       ||    26
         Spider Form       |       |    11 |    51 |     6 |     5 |       ||    73
         Ice Form          |       |       |     6 |    56 |   117 |       ||   179
         Blade Hands       |       |       |       |       |    28 |     3 ||    31
 Invoke: Call Merchant     |       |       |       |       |     4 |       ||     4
         Potion Petition   |       |       |       |       |     1 |       ||     1
Ability: Breathe Steam     |       |       |    10 |     1 |     2 |     1 ||    14
         End Transformatio |       |       |     1 |       |       |       ||     1
  Evoke: Wand              |       |       |     2 |     5 |     8 |       ||    15
    Use: Scroll            |     3 |       |    11 |    15 |    11 |     1 ||    41
         Potion            |       |     1 |     2 |       |     7 |       ||    10
   Stab: Sleeping          |     3 |       |       |     2 |     3 |       ||     8
         Distracted        |       |       |     1 |     2 |    11 |       ||    14
 Armour: Skin              |    31 |    67 |    38 |    91 |   161 |     3 ||   391
  Dodge: Dodged            |    66 |   139 |   357 |   504 |   953 |    25 ||  2044
